 Dungeon Crawl Stone Soup version 0.17-a0-1164-g0ba867e (webtiles) character file.

9025 nuthulu the Blocker (level 11, -1/72 HPs)
             Began as a Gargoyle Fighter on May 28, 2015.
             Was a High Priest of Okawaru.
             Slain by a 12-headed hydra (5 damage)
             ... on level 10 of the Dungeon.
             The game lasted 00:45:45 (10780 turns).

nuthulu the Blocker (Gargoyle Fighter)             Turns: 10780, Time: 00:45:45

Health: -1/72      AC: 27    Str: 21    XL:     11   Next: 40%
Magic:  0/11       EV:  1    Int: 10    God:    Okawaru [*****.]
Gold:   455        SH:  0    Dex: 10    Spells: 0 memorised, 10 levels left

rFire  . . .     SeeInvis .     m - +3 lajatang (speed)
rCold  . . .     Clarity  .     j - +0 plate armour
rNeg   + . .     SustAt   .     (no shield)
rPois  ∞         Gourm    .     i - +0 helmet
rElec  +         Spirit   +     (no cloak)
rCorr  .         Warding  .     l - +0 pair of gloves
rMut   .         Stasis   .     z - +2 pair of boots
MR     +....                    A - amulet of guardian spirit
Stlth  ..........               (no ring)
                                u - +5 ring of slaying

@: finesse, somewhat resistant to hostile enchantments, extremely unstealthy
A: magic resistance 1, negative energy resistance 1, electricity resistance,
unbreathing, petrification resistance, rot immunity, AC +7
a: Heroism, Finesse, Renounce Religion


You were on level 10 of the Dungeon.
You worshipped Okawaru.
Okawaru was extremely pleased with you.
You were hungry.

You visited 2 branches of the dungeon, and saw 11 of its levels.
You also visited: Bailey.

You collected 653 gold pieces.
You spent 198 gold pieces at shops.

Inventory:

Hand weapons
 m - a +3 lajatang of speed (weapon)
 t - a +3 whip
Missiles
 D - a silver javelin (quivered)
Armour
 c - a +0 shield
 i - a +0 helmet (worn)
 j - a +0 plate armour (worn)
 l - a +0 pair of gloves (worn)
 z - a +2 pair of boots (worn)
Jewellery
 p - an uncursed amulet of clarity
 u - a +5 ring of slaying (left hand)
 A - an amulet of guardian spirit (around neck)
Magical devices
 b - a wand of heal wounds (2)
 g - a wand of magic darts (30)
 o - a wand of confusion (23)
 s - a wand of confusion (31)
 w - a wand of slowing (25)
 y - a wand of polymorph (14)
Scrolls
 a - a scroll of magic mapping
 n - 4 scrolls of remove curse
 x - 2 scrolls of fog
Potions
 d - 3 potions of might
 f - a potion of cancellation
 h - a potion of agility
Comestibles
 e - 3 bread rations
 k - 3 meat rations
 q - 2 beef jerkies
 r - 2 fruits
 v - a royal jelly
 C - a slice of pizza


   Skills:
 * Level 9.8 Fighting
 - Level 8.0(8.8) Maces & Flails
 * Level 5.7(7.7) Staves
 * Level 8.9 Armour
 - Level 10.6 Shields
 + Level 0.2 Invocations
 + Level 0.1 Evocations


You had 10 spell levels left.
You didn't know any spells.

Dungeon Overview and Level Annotations

Branches:
Dungeon (10/15)            Temple (1/1) D:6
   Lair: D:8-11         Orc: D:9-12

Altars:
Ashenzari
Cheibriados
Dithmenos
Elyvilon
Fedhas
Gozag
Kikubaaqudgha
Makhleb
Nemelex Xobeh
Okawaru
Qazlal
Ru
Sif Muna
Trog
Vehumet
Xom
Yredelemnul
Zin
The Shining One

Shops:
D:8 }   D:10 [


Innate Abilities, Weirdness & Mutations

You are resistant to torment.
Your stone body is resilient (AC +7).
You are immune to poison.
You resist negative energy.
You are resistant to electric shocks.
You can survive without breathing.
You are immune to petrification.
You are immune to rotting.
You are resistant to hostile enchantments.


Message History

The 12-headed hydra bites you but does no damage. x2
The 12-headed hydra barely misses you.
Unknown command.
Read which item? (? for menu, Esc to quit)
As you read the scroll of fog, it crumbles to dust.
The scroll dissolves into smoke.
The 12-headed hydra bites you but does no damage. x2
The 12-headed hydra bites you.
* * * LOW HITPOINT WARNING * * *
The 12-headed hydra bites you but does no damage. x2
The 12-headed hydra bites you.
* * * LOW HITPOINT WARNING * * *
The 12-headed hydra bites you but does no damage. x6
All of the chunks of flesh in your inventory have rotted away.
There is an open door here.
You are feeling hungry.
There is an escape hatch in the ceiling here.
The 12-headed hydra bites you but does no damage. x3
The 12-headed hydra bites you.
You die...

...(. ......... ...
#+####### ##§# #.# #§§# #.##
###§## #..###### #§§§#
##..#...# #§### #..≈P...#
####§######## ##.≈≈≈≈..#
#..§§§....D@# #..≈≈≈≈...
#...........#######..≈≈≈≈...
#...........'.....'..≈≈≈....
#...........#######...≈.....
############# #.........
#......... ##########


You could see a 12-headed hydra.

Vanquished Creatures
  An unseen horror (D:9)
  A hill giant (D:10)
  The ghost of MordorOrchid the Cleaver, an experienced DDBe of Trog (D:6)
  Joseph (D:7)
  A two-headed ogre (D:9)
  A raven (D:10)
  7 yaks
  Grum (D:8)
  A hungry ghost (D:6)
  A hippogriff (D:10)
  4 wolves (D:8)
  A water moccasin (D:8)
  3 black bears
  An orc warrior (D:10)
  6 phantoms
  7 ogres
  A sky beast (D:6)
  6 necrophages (D:10)
  4 centaurs
  7 giant frogs
  4 killer bees (D:9)
  8 wights
  A centaur zombie (D:6)
  2 orc priests
  3 crimson imps
  A giant frog zombie (D:7)
  A gnoll shaman (D:6)
  3 centaur skeletons
  2 jellies
  4 hounds
  3 iguanas
  3 orc wizards
  2 quasits
  8 worker ants
  Jessica (D:2)
  A giant frog skeleton (D:9)
  A hound zombie (D:10)
  A worker ant zombie (D:6)
  9 adders
  20 gnolls
  4 oozes
  2 adder skeletons
  4 adder zombies
  A worm (D:3)
  44 orcs
  5 giant cockroaches
  14 goblins
  19 hobgoblins
  16 jackals
  16 kobolds
  5 quokkas
  A ball python (D:3)
  10 bats
  5 giant geckos
  2 giant gecko skeletons
  A giant gecko zombie (D:6)
  4 giant newts
  A quokka zombie (D:9)
  21 rats
309 creatures vanquished.

Notes
Turn   | Place    | Note
--------------------------------------------------------------
     0 | D:1      | nuthulu the Gargoyle Fighter began the quest for the Orb.
     0 | D:1      | Reached XP level 1. HP: 14/14 MP: 1/1
    58 | D:1      | Reached XP level 2. HP: 13/19 MP: 2/2
   398 | D:1      | Reached XP level 3. HP: 24/24 MP: 3/3
   864 | D:2      | Found a shattered altar of Ashenzari.
  1164 | D:2      | Noticed Jessica
  1171 | D:2      | Killed Jessica
  1171 | D:2      | Reached skill level 4 in Fighting
  1171 | D:2      | Reached XP level 4. HP: 22/29 MP: 4/4
  1172 | D:2      | Found a blossoming altar of Fedhas.
  1293 | D:2      | Found a basalt altar of Yredelemnul.
  1296 | D:2      | Found a sacrificial altar of Ru.
  1299 | D:2      | Found a deep blue altar of Sif Muna.
  1902 | D:3      | Found a white marble altar of Elyvilon.
  1969 | D:3      | Reached XP level 5. HP: 32/34 MP: 5/5
  2749 | D:4      | Reached XP level 6. HP: 39/39 MP: 6/6
  2988 | D:4      | Noticed a phantom
  3025 | D:4      | Killed a phantom
  3025 | D:4      | Reached skill level 5 in Shields
  3208 | D:5      | Entered Level 5 of the Dungeon
  3346 | D:5      | Found an opulent altar of Gozag.
  3652 | D:5      | Got a sapphire rapier
  3653 | D:5      | Identified the +3 rapier of the Living Dead {flame, *Contam +Blink +Inv MR+} (You found it on level 5 of the Dungeon)
  3743 | D:5      | Reached XP level 7. HP: 44/44 MP: 7/7
  4270 | D:6      | Found a glowing golden altar of the Shining One.
  4317 | D:6      | Reached skill level 5 in Fighting
  4479 | D:6      | Found a sparkling altar of Nemelex Xobeh.
  4534 | D:6      | Noticed MordorOrchid's ghost (experienced DDBe)
  4594 | D:6      | Killed MordorOrchid's ghost
  4594 | D:6      | Reached skill level 5 in Maces & Flails
  4594 | D:6      | Reached skill level 5 in Armour
  4594 | D:6      | Reached skill level 6 in Shields
  4594 | D:6      | Reached XP level 8. HP: 38/51 MP: 8/8
  4611 | D:6      | Reached skill level 7 in Shields
  4872 | D:6      | Found a sacrificial altar of Ru.
  5122 | D:6      | Found a staircase to the Ecumenical Temple.
  5131 | Temple   | Entered the Ecumenical Temple
  5195 | Temple   | Became a worshipper of Warmaster Okawaru
  5250 | D:6      | Noticed a hungry ghost
  5271 | D:6      | Killed a hungry ghost
  5309 | D:6      | Reached skill level 8 in Shields
  5309 | D:6      | Reached XP level 9. HP: 50/56 MP: 9/9
  5339 | D:6      | Acquired Okawaru's first power
  6164 | D:7      | Found a flagged portal.
  6169 | Bailey   | Entered a bailey
  6510 | D:7      | Noticed Joseph
  6539 | D:7      | Killed Joseph
  6539 | D:7      | Reached skill level 9 in Shields
  6987 | D:7      | Found a radiant altar of Vehumet.
  7055 | D:7      | Reached XP level 10. HP: 61/63 MP: 10/10
  7524 | D:8      | Noticed Grum
  7556 | D:8      | Killed Grum
  7600 | D:8      | Reached skill level 10 in Shields
  8012 | D:8      | Found Gipeni's Gadget Shop.
  8196 | D:8      | Identified a scroll of acquirement
  8595 | D:9      | Reached skill level 1 in Staves
  9290 | D:9      | Killed an unseen horror
  9290 | D:9      | Reached XP level 11. HP: 43/71 MP: 11/11
  9734 | D:9      | Gained mutation: You are resistant to hostile enchantments. [potion of beneficial mutation]
 10000 | D:10     | Entered Level 10 of the Dungeon
 10017 | D:10     | Found Qiumob's Armour Shoppe.
 10021 | D:10     | Bought a +2 pair of boots for 198 gold pieces
 10044 | D:10     | Noticed a hill giant
 10055 | D:10     | Killed a hill giant
 10307 | D:10     | Reached skill level 5 in Staves
 10354 | D:10     | Acquired Okawaru's second power
 10558 | D:10     | Received a gift from Okawaru
 10751 | D:10     | Noticed a four-headed hydra
 10769 | D:10     | HP: 1/72 [12-headed hydra (4)]
 10780 | D:10     | Slain by a 12-headed hydra

Vault maps used:
D:1:      co_arrival_random_square_maze
D:2:      grunt_temple_overflow_open, nicolae_ashenzari_panopticon, uniq_jessica
D:3:      nicolae_overflow_crystal_walls, minmay_fountain_box
D:4:      first_bread
D:5:      nicolae_gozag_cash_rules_everything_around_me
D:6:      minmay_opposing_rooms, tso_metal_star, temple_hall,
          hangedman_feature_mirror
D:7:      enter_bailey_3, vehumet_altar_wand_db, uniq_joseph
D:8:      serial_shops, nicolae_shop_behind_doors, uniq_grum
D:10:     david_orc_4, serial_undead, serial_undead_e, serial_undead_c,
          serial_undead_b, serial_undead_f, serial_shops, shop,
          hangedman_tree_tricks, roderic_ravens_nest
Temple:   nicolae_temple_x_marks_the_god
Bailey:   bailey_polearm_5, bailey

Action                   |  1- 3 |  4- 6 |  7- 9 | 10-12 || total
-------------------------+-------+-------+-------+-------++-------
Melee: Flail             |    85 |   273 |   476 |       ||   834
       Whip              |       |       |   245 |   262 ||   507
       Lajatang          |       |       |       |   279 ||   279
Throw: Javelin           |       |       |       |     2 ||     2
Invok: Heroism           |       |       |       |     1 ||     1
       Finesse           |       |       |       |     1 ||     1
Evoke: Wand              |       |       |     2 |     4 ||     6
  Use: Scroll            |     3 |     9 |     7 |     7 ||    26
       Potion            |       |     5 |     4 |     6 ||    15
  Eat: Chunk             |     1 |     5 |     4 |     7 ||    17
       Beef jerky        |       |     1 |     1 |       ||     2
       Bread ration      |       |     1 |       |     1 ||     2
       Meat ration       |       |       |     1 |       ||     1
       Fruit             |       |       |     1 |     1 ||     2
